 Dungeon Crawl Stone Soup version 0.30-a0-956-gcec3b41aec (webtiles) character file.

Game seed: 1821150136905460342

70 IdlyInterested the Slasher (level 4, -1/33 HPs)
             Began as a Demonspawn Gladiator on Mar 29, 2023.
             Slain by a gnoll
             ... wielding a +0 halberd
              (7 damage)
             ... on level 2 of the Dungeon.
             The game lasted 00:03:23 (906 turns).

IdlyInterested the Slasher (Demonspawn Gladiator)    Turns: 906, Time: 00:03:24

Health: -1/33      AC:  9    Str: 14    XL:     4   Next: 3%
Magic:  4/4        EV: 10    Int:  9    God:
Gold:   93         SH:  0    Dex: 17    Spells: 3/3 levels left

rFire   + . .      SeeInvis .    a - +0 long sword (venom)
rCold   + . .      Faith    .    (no shield)
rNeg    . . .      Spirit   .    m - +0 scale mail
rPois   +          Reflect  .    c - +0 helmet
rElec   +          Rampage  .    (no cloak)
rCorr   +                        (no gloves)
Will    .....                    (no boots) Stlth
                                 (no amulet)
HPRegen 0.25/turn                (no ring)
MPRegen 0.09/turn                (no ring)

@: resistant
A: yellow scales 1
a: no special abilities


You were on level 2 of the Dungeon.
You visited 1 branch of the dungeon, and saw 2 of its levels.

You collected 93 gold pieces.

Inventory:

Hand Weapons
 a - a +0 long sword of venom (weapon)
Missiles
 d - 2 throwing nets
 e - a javelin
 f - 5 stones (quivered)
 n - 2 poisoned darts
Armour
 c - a +0 helmet (worn)
 m - a +0 scale mail (worn)
Scrolls
 i - a scroll of fog {unknown}
 l - a scroll of teleportation {unknown}
Potions
 g - a potion of haste {unknown}
 h - a potion of heal wounds {unknown}
 k - a potion of curing {unknown}


   Skills:
 - Level 2.0 Fighting
 * Level 4.0 Long Blades
 - Level 1.7 Throwing
 - Level 1.0 Armour
 - Level 2.6 Dodging
 - Level 1.0 Stealth
 + Level 0.3 Evocations


You had 3 spell levels left.
You didn't know any spells.
Your spell library was empty.

Dungeon Overview and Level Annotations

Branches:
Dungeon (2/15)

Altars:


Innate Abilities, Weirdness & Mutations

You are partially covered in yellow scales. (AC +2)


Message History

Press: ? - help, Q - select action, (/) - cycle Shift-Dir - straight line, f/p - gnoll
Aim: a gnoll, wielding a +0 flail (lightly wounded, 64% to hit)
You throw a stone. The stone closely misses the gnoll.
A hobgoblin comes into view.
You slash the gnoll!
The gnoll looks as sick as possible!
The gnoll is almost dead.
You kill the gnoll!
Your Long Blades skill increases to level 4!
You have reached level 4!
You feel agile.
Throw: 7 stones
Press: ? - help, Q - select action, (/) - cycle Shift-Dir - straight line, f - hobgoblin
Aim: a hobgoblin (60% to hit)
You throw a stone. The stone hits the hobgoblin.
The hobgoblin is heavily wounded.
Throw: 6 stones
Press: ? - help, Q - select action, (/) - cycle Shift-Dir - straight line, f/p - hobgoblin
Aim: a hobgoblin (heavily wounded, 60% to hit)
You throw a stone. The stone hits the hobgoblin.
The hobgoblin is severely wounded.
A gnoll comes into view. It is wielding a +0 halberd.
The gnoll shouts!
You slash the hobgoblin!
You kill the hobgoblin!
The gnoll hits you with a +0 halberd.
Things that are here:
a +0 flail; 12 gold pieces; a gnoll corpse You barely miss the gnoll.
The gnoll hits you with a +0 halberd!
* * * LOW HITPOINT WARNING * * *
You closely miss the gnoll. The gnoll hits you but does no damage.
Throw: 3 throwing nets
Press: ? - help, Shift-Dir - straight line, f - gnoll
Aim: a gnoll, wielding a +0 halberd (64% to hit)
You throw a throwing net.
The throwing net completely misses the gnoll.
The gnoll closely misses you.
It was a potion of resistance.
You feel protected. The gnoll hits you with a +0 halberd!
You die...

......). .......#
###.# #......#
..#.#####......#
...#...#......#
##.#...#......#
#...........).####
#........(.......#
#.........@g)...(#
#..........##...$#
##.†.####### ...#
#)#..## ..#
#.#..... .#
######.#.##### #
#........#
#........#
#........###


You could see a gnoll.

Vanquished Creatures
  2 gnolls (D:2)
  An adder (D:2)
  A worm (D:2)
  2 dart slugs
  An orc (D:2)
  4 ball pythons
  An endoplasm (D:1)
  4 goblins
  4 hobgoblins
  2 jackals (D:2)
  5 kobolds (D:1)
  A quokka (D:1)
  A bat (D:1)
  2 frilled lizards (D:1)
  2 rats (D:1)
33 creatures vanquished.

Notes
Turn   | Place    | Note
-------+----------+-------------------------------------------
     0 | D:1      | IdlyInterested the Demonspawn Gladiator began the quest for
                  | the Orb.
     0 | D:1      | Reached XP level 1. HP: 16/16 MP: 1/1
    87 | D:1      | Reached skill level 3 in Long Blades
   116 | D:1      | Gained mutation: You are partially covered in yellow
                  | scales. (AC +2) [demonic ancestry]
   116 | D:1      | Reached XP level 2. HP: 22/22 MP: 2/2
   290 | D:1      | Reached skill level 1 in Armour
   400 | D:1      | Found a faded altar of an unknown god.
   801 | D:2      | Reached XP level 3. HP: 26/27 MP: 3/3
   894 | D:2      | Reached skill level 1 in Stealth
   899 | D:2      | Reached skill level 4 in Long Blades
   899 | D:2      | Reached XP level 4. HP: 15/33 MP: 4/4
   906 | D:2      | Slain by a gnoll

Illustrated notes

Levels and vault maps discovered:
D:1:      lightli_arrival_noodles, layout_loops_ring, basic_ecumenical_altar,
          st_stairs_12
D:2:      layout_basic, serial_shops, nicolae_shop_trees,
          grunt_decor_one_mirror, uniq_jessica

Skill      XL: |  1  2  3 |
---------------+----------+-----
Long Blades    | 3 4 |  4.0
Armour         | 1 |  1.0
Stealth        | 1 |  1.0
Fighting       | |  2.0
Throwing       | |  1.7
Dodging        | |  2.6
Evocations     | |  0.3

Action                     |  1- 3 |  4- 6 || total
---------------------------+-------+-------++-------
  Melee: Long sword        |    72 |     3 ||    75
  Throw: Stone             |    12 |     2 ||    14
         Dart              |     3 |       ||     3
         Throwing net      |       |     1 ||     1
    Use: Scroll            |     3 |       ||     3
         Potion            |       |     1 ||     1
 Armour: Leather armour    |    12 |       ||    12
         Scale mail        |    18 |     1 ||    19
  Dodge: Dodged            |    41 |     1 ||    42

Table legend: (Time is in decaauts)
 A = Elapsed time spent in this place.
 B = Non-inter-level travel time spent in this place.
 C = Inter-level travel time spent in this place.
 D = Time resting spent in this place.
 E = Time spent auto-exploring this place.
 F = Levels seen in this place.
 G = Mean time per level.
                   A        B        C        D        E       F      G
               +--------+--------+--------+--------+--------+-----+--------+
         Total |    924 |    841 |     83 |     42 |    447 |   2 |  462.0 |
       Dungeon |    924 |    841 |     83 |     42 |    447 |   2 |  462.0 |
               +--------+--------+--------+--------+--------+-----+--------+

Top non-repeatable levels by time:
     D:1: 797 daAuts
     D:2: 127 daAuts
